 Dungeon Crawl Stone Soup version 0.31-a0-986-g5e6e4ef867 (webtiles) character file.

Game seed: 17538601374686103206

595 ytrimaz the Covert (level 7, -1/38 HPs)
             Began as an Octopode Shapeshifter on Nov 15, 2023.
             Slain by an ogre
             ... wielding a +0 giant club
              (12 damage)
             ... on level 4 of the Dungeon.
             The game lasted 00:04:21 (3028 turns).

ytrimaz the Covert (Octopode Shapeshifter)          Turns: 3028, Time: 00:04:22

Health: -1/38      AC:  3    Str: 13    XL:     7   Next: 40%
Magic:  7/7        EV: 13    Int: 13    God:
Gold:   277        SH:  0    Dex: 13    Spells: 6/6 levels left

rFire   . .          .
                       - Unarmed
rCold   . . .        (no shield)
rNeg    . . .        (helmet currently unavailable)
rPois   .            k - amulet of magic regeneration
rElec   .            (no ring)
rCorr   .            (no ring)
SInv    .            (no ring)
Will    .....        (no ring)
Stlth   +++++        (no ring)
HPRegen 0.26/turn    (no ring)
MPRegen 0.50/turn    (no ring)
                     (no ring)

%: no passive effects
@: beast-form
A: beast (slay +1), almost no armour, amphibious, 8 rings, camouflage 1,
gelatinous body 1, (nimble swimmer 1), tentacles, iridescent scales 1, frail 1,
inability to drink after injury 1
a: Begin Untransformation


You were on level 4 of the Dungeon.
You were a hulking beast.
You visited 1 branch of the dungeon, and saw 4 of its levels.

You collected 277 gold pieces.


Innate Abilities, Weirdness & Mutations

You are a hulking beast.
Your limbs bulge with bestial killing power. (Slay +1)
You cannot wear most types of armour.
You are amphibious.
You can wear up to eight rings at the same time.
Your skin changes colour to match your surroundings (Stealth+).
Your rubbery body absorbs attacks. (AC +1, EV +1)
((You are camouflaged when in or above water. (Stealth+)))
You have tentacles for arms and can constrict up to eight enemies at once.
You are partially covered in iridescent scales. (AC +2)
You are frail. (-10% HP)
You occasionally lose the ability to drink potions when taking damage.


   Skills:
 - Level 1.0 Fighting
 - Level 2.0 Dodging
 * Level 8.9 Stealth
 + Level 5.3 Unarmed Combat
 - Level 3.0 Shapeshifting


You had 6 spell levels left.
You didn't know any spells.
Your spell library contained the following spells:

 Spells                   Type           Power      Damage    Failure   Level
 Necrotise                Necr           0%         1d4       30%         1
 Vampiric Draining        Necr           0%         2d6       67%         3
 Agony                    Necr           0%         N/A       100%        5

Inventory:

Missiles
 a - a throwing net
Jewellery
 k - an amulet of magic regeneration (around mantle)
   (You found it on level 3 of the Dungeon)
Talismans
 b - a beast talisman
 c - a flux talisman
Scrolls
 d - a scroll of butterflies {unknown}
 e - 4 scrolls of identify {unknown}
 i - a scroll of fog {unknown}
 j - 2 scrolls of silence {unknown}
 m - a scroll of noise {unknown}
 n - a scroll of enchant armour {unknown}

Dungeon Overview and Level Annotations

Branches:
Dungeon (4/15) Zot: 20986
 Temple: D:4-7

Altars:
Xom
The Shining One

..#.....^.#..................#...
..###._.######............#..#...
..#.....^.#.#......).######......
#.####'####........##.#.##.......
###........................#...##
#....###.................##..##
#....# #...........###...######
###### ###......#.##.....## #.
##...h.####......# ## ##.O.##
#......# # #.....# ###....##
#....... #.....## #.....###
##.....# #....## ###.### ###...
### ...


You could see an ogre.


Message History

You feel extremely strange.
You feel slightly disoriented.
You no longer become unable to drink potions after taking damage.
You feel frail.
Iridescent scales grow over part of your body.
You occasionally lose the ability to drink potions when taking damage. 😕 HP[+1]
You now have 38 max hp (-5).
You feel a little less mighty now.
A crimson imp is nearby!
A crimson imp is nearby! 😕 HP[+5]
You regained 5 hp, and now have 36/38 hp.
A crimson imp is nearby! 😕 HP[+1]
The crimson imp blinks!
You miss the crimson imp. You grab the crimson imp.
You squeeze the crimson imp!
You constrict the crimson imp, but do no damage.
The crimson imp hits you but does no damage. 😎 HP[+1]
Your hp is fully restored (38).
You release your grip on the crimson imp.
The crimson imp attacks as it pursues you!
The crimson imp hits you but does no damage.
You tentacle-slap the crimson imp. Your grab misses the crimson imp.
Your squeeze misses the crimson imp. The crimson imp completely misses you.
You closely miss the crimson imp. You grab the crimson imp.
You constrict the crimson imp, but do no damage.
The crimson imp hits you but does no damage.
You tentacle-slap the crimson imp.
You squeeze the crimson imp, but do no damage.
You constrict the crimson imp. The crimson imp hits you.
You feel threatened and lose the ability to drink potions! 😕 HP[-1]
You take 1 damage, and now have 37/38 hp.
You bludgeon the crimson imp!
You kill the crimson imp!
No target in view!
Key pressed, stopping explore.
Unknown command. 😎 HP[+1]
Your hp is fully restored (38).
There is an open door here.
There is a shimmering altar of Xom here.
You can drink potions again.
There is an open door here.
Found a stone staircase leading down.
An ogre is nearby!
An ogre is nearby!
An ogre is nearby!
An ogre is nearby!
An ogre comes into view. It is wielding a +0 giant club.
The ogre shouts!
You barely miss the ogre. The ogre closely misses you.
You tentacle-slap the ogre. You squeeze the ogre. The ogre closely misses you.
You tentacle-slap the ogre.
The ogre hits you with a +0 giant spiked club! 😮 HP[-16]
You take 16 damage, and now have 22/38 hp.
MASSIVE DAMAGE!! (PAUSE)
You are too injured to fight recklessly!
You tentacle-slap the ogre.
You are too injured to fight recklessly!
You barely miss the ogre. Your squeeze misses the ogre.
The ogre closely misses you.
Unknown command. 😮 HP[+1]
You tentacle-slap the ogre but do no damage.
You squeeze the ogre!
You kill the ogre!
Unknown command.
You see here a +0 giant spiked club.
Key pressed, stopping explore.
Key pressed, stopping explore.
Unknown command. 😎 HP[+15]
Your hp is fully restored (38).
Key pressed, stopping explore.
Key pressed, stopping explore.
No target in view!
Key pressed, stopping explore.
Key pressed, stopping explore.
No target in view!
The ogre shouts!
An ogre is nearby!
An ogre is nearby!
An ogre is nearby!
An ogre is nearby!
An ogre is nearby!
An ogre is nearby!
The ogre hits you with a +0 giant club!!
Ouch! That really hurt!
* * * LOW HITPOINT WARNING * * *
😨 HP[-27]
You take 27 damage, and now have 11/38 hp.
MASSIVE DAMAGE!! (PAUSE)
You tentacle-slap the ogre. You squeeze the ogre!
The ogre hits you with a +0 giant club!
You die...

Skill      XL: |  1  2  3  4  5  6 |
---------------+-------------------+-----
Stealth        | 2 3 4 5 6 8 |  8.9
Unarmed Combat | 4 5 |  5.3
Fighting       | |  1.0
Dodging        | |  2.0
Shapeshifting  | |  3.0

Action                     |  1- 3 |  4- 6 |  7- 9 || total
---------------------------+-------+-------+-------++-------
  Melee: Unarmed           |    62 |    94 |    13 ||   169
         Constrict         |    17 |    21 |     3 ||    41
         Tentacles         |    11 |    11 |     6 ||    28
         Punch             |     2 |     6 |       ||     8
    Use: Potion            |       |     5 |     2 ||     7
   Stab: Sleeping          |    12 |    14 |       ||    26
 Armour: Skin              |    25 |    64 |     7 ||    96
  Dodge: Dodged            |    25 |    33 |     5 ||    63

Levels and vault maps discovered:
D:1:      nagdon_arrival_double_spiral, layout_loops_ring,
          minmay_gold_behind_fungi, minmay_tetromino_s4
D:2:      layout_rooms, grunt_decor_junction
D:3:      layout_loops_ring, nicolae_tso_carved_into_rock,
          nicolae_ecumenical_oubliette
D:4:      layout_cave_pools, elyvilon_altar_1, led_xom_imps

Notes
Turn   | Place    | Note
-------+----------+-------------------------------------------
     0 | D:1      | ytrimaz the Octopode Shapeshifter began the quest for the
                  | Orb.
     0 | D:1      | Reached XP level 1. HP: 13/13 MP: 1/1
     0 | D:1      | magus.rc [v1.9.6]
   143 | D:1      | Reached skill level 1 in Stealth
   321 | D:1      | Reached skill level 2 in Stealth
   321 | D:1      | Reached XP level 2. HP: 18/18 MP: 2/2
   687 | D:2      | Reached skill level 3 in Stealth
   687 | D:2      | Reached XP level 3. HP: 15/23 MP: 3/3
  1259 | D:3      | Found a faded altar of an unknown god.
  1266 | D:2      | Reached skill level 4 in Stealth
  1266 | D:2      | Reached XP level 4. HP: 15/28 MP: 4/4
  1360 | D:3      | Reached skill level 5 in Stealth
  1418 | D:3      | Reached skill level 4 in Unarmed Combat
  1490 | D:3      | Reached XP level 5. HP: 29/33 MP: 5/5
  1974 | D:3      | Found a glowing golden altar of the Shining One.
  2208 | D:4      | Noticed a phantom
  2228 | D:4      | Killed a phantom
  2229 | D:4      | Reached skill level 6 in Stealth
  2234 | D:4      | Reached XP level 6. HP: 29/38 MP: 6/6
  2325 | D:4      | You pick up a book of Necromancy and begin reading...
  2325 | D:4      | You add the spells Necrotise, Vampiric Draining and Agony
                  | to your library.
  2409 | D:4      | Reached skill level 7 in Stealth
  2505 | D:4      | HP: 12/57 [gnoll/+0 flail[a gnoll bouda] (5)]
  2510 | D:4      | HP: 7/57 [gnoll/+0 flail[a gnoll bouda] (2)]
  2729 | D:4      | Found a shimmering altar of Xom.
  2750 | D:3      | Gained mutation: You passively map a small area around you.
                  | [potion of mutation]
  2750 | D:3      | Gained mutation: You occasionally lose the ability to drink
                  | potions when taking damage. [potion of mutation]
  2752 | D:3      | HP: 12/57 [poisoned by a crimson imp]
  2754 | D:3      | Reached skill level 8 in Stealth
  2754 | D:3      | Reached skill level 5 in Unarmed Combat
  2754 | D:3      | Reached XP level 7. HP: 11/43 MP: 7/7
  2756 | D:3      | HP: 5/64 [poisoned by a crimson imp]
  2757 | D:3      | HP: 2/43 [poisoned by a crimson imp]
  2825 | D:4      | Lost mutation: You passively map a small area around you.
                  | [potion of mutation]
  2825 | D:4      | Lost mutation: You occasionally lose the ability to drink
                  | potions when taking damage. [potion of mutation]
  2825 | D:4      | Gained mutation: You are frail. (-10% HP) [potion of
                  | mutation]
  2825 | D:4      | Gained mutation: You are partially covered in iridescent
                  | scales. (AC +2) [potion of mutation]
  2825 | D:4      | Gained mutation: You occasionally lose the ability to drink
                  | potions when taking damage. [potion of mutation]
  3028 | D:4      | Slain by an ogre

Vanquished Creatures
  An ogre (D:4)
  A phantom (D:4)
  A bullfrog (D:4)
  3 crimson imps
  A gnoll bouda (D:4)
  An orc priest (D:3)
  An iguana (D:4)
  An orc wizard (D:2)
  4 gnolls (D:4)
  5 adders
  A worm (D:3)
  2 dart slugs (D:3)
  4 orcs
  4 ball pythons (D:1)
  4 bats
  6 endoplasms
  5 giant cockroaches
  7 goblins
  8 hobgoblins
  7 jackals
  2 kobolds
  2 quokkas
  A frilled lizard (D:1)
  A rat (D:3)
73 creatures vanquished.

Table legend:
 A = Non-vault XP
 B = Vault XP
 C = Vault XP percentage of total XP
 D = Non-vault monster count
 E = Vault monster count
 F = Vault count percentage of total count
                 A         B        C        D         E       F
            +---------+---------+-------+---------+---------+-------
      Total |     696 |     154 |  18.1 |      68 |       5 |   6.8
            +---------+---------+-------+---------+---------+-------
        D:1 |      22 |       4 |  15.4 |      13 |       2 |  13.3
        D:2 |      85 |       0 |   0.0 |      19 |       0 |   0.0
        D:3 |      79 |      50 |  38.8 |      17 |       1 |   5.6
        D:4 |     510 |     100 |  16.4 |      19 |       2 |   9.5
            +---------+---------+-------+---------+---------+-------

Skill      XL: |  1  2  3  4  5  6 |
---------------+-------------------+-----
Stealth        | 2 3 4 5 6 8 |  8.9
Unarmed Combat | 4 5 |  5.3
Fighting       | |  1.0
Dodging        | |  2.0
Shapeshifting  | |  3.0

Action                     |  1- 3 |  4- 6 |  7- 9 || total
---------------------------+-------+-------+-------++-------
  Melee: Unarmed           |    62 |    94 |    13 ||   169
         Constrict         |    17 |    21 |     3 ||    41
         Tentacles         |    11 |    11 |     6 ||    28
         Punch             |     2 |     6 |       ||     8
    Use: Potion            |       |     5 |     2 ||     7
   Stab: Sleeping          |    12 |    14 |       ||    26
 Armour: Skin              |    25 |    64 |     7 ||    96
  Dodge: Dodged            |    25 |    33 |     5 ||    63

Illustrated notes

Table legend:
 A = Kills in this place as a percentage of kills in the entire game.
 B = Kills by you in this place as a percentage of kills by you in the entire game.
 C = Kills by friends in this place as a percentage of kills by friends in the entire game.
 D = Other kills in this place as a percentage of other kills in the entire game.
 E = Experience gained in this place as a percentage of experience gained in the entire game.
 F = Experience gained in this place divided by the number of levels of this place that you have seen.
                   A       B       C       D       E      F
               +-------+-------+-------+-------+-------+----------------------
         Total | 100.0 | 100.0 |   N/A |   N/A | 100.0 | 212.5
       Dungeon | 100.0 | 100.0 |   N/A |   N/A | 100.0 | 212.5
               +-------+-------+-------+-------+-------+----------------------

Table legend: (Time is in decaauts)
 A = Elapsed time spent in this place.
 B = Non-inter-level travel time spent in this place.
 C = Inter-level travel time spent in this place.
 D = Time resting spent in this place.
 E = Time spent auto-exploring this place.
 F = Levels seen in this place.
 G = Mean time per level.
                   A        B        C        D        E       F      G
               +--------+--------+--------+--------+--------+-----+--------+
         Total |   3013 |   2988 |     25 |    105 |   2314 |   4 |  753.2 |
       Dungeon |   3013 |   2988 |     25 |    105 |   2314 |   4 |  753.2 |
               +--------+--------+--------+--------+--------+-----+--------+

Top non-repeatable levels by time:
     D:3: 846 daAuts
     D:4: 821 daAuts
     D:2: 690 daAuts
     D:1: 654 daAuts
